AoeStats
← Hyper Fury

Black Forest

511359206Analyzed
2v2 RM · 11d ago on Oct 4, 2026· 52m 35s· 4 players
Game mode
Random Map
Map size
Medium (4 player)
Population
200
Speed
Normal
Resources
Standard
Victory
Conquest
Starting age
Dark Age
Ending age
Imperial Age
RankedLock teamsTeams togetherTeam positionsShared explorationLock speedFull tech treeHidden civsTurbo modeCheats
Victory
Defeat
🇺🇸 Aztecs · United States
840
+15
🇲🇽 Spanish · Mexico
821
+15
vs
🇨🇾 Teutons · Cyprus
830
-16
🇹🇷 Burgundians · Türkiye
789
-14
CAN GÖÇER
0:30 Loom
10:41 Feudal Age
11:21 Double-Bit Axe
11:18 Horse Collar
11:31 Town Watch
19:56 Castle Age
19:23 Gold Mining
22:16 Stone Mining
23:11 Heavy Plow
24:10 Bow Saw
26:30 Fletching
26:40 Padded Archer Armor
26:35 Town Watch
28:52 Wheelbarrow
29:24 Fortified Wall
30:27 Stone Shaft Mining
30:49 Ballistics
34:58 Imperial Age
33:16 Bodkin Arrow
34:01 Caravan
35:03 Hand Cart
34:49 Town Patrol
35:29 Bloodlines
37:09 Chemistry
38:53 Cavalier
39:44 Scale Barding Armor
39:50 Forging
39:41 Scale Mail Armor
39:57 Leather Archer Armor
40:27 Arrowslits
40:54 Masonry
40:50 Siege Engineers
42:00 Pikeman
42:40 Squires
42:25 Arson
43:39 Crop Rotation
46:36 Ironclad
45:46 Sappers
48:00 Chain Barding Armor
48:16 Iron Casting
Hyper Fury
0:45 Loom
12:45 Wheelbarrow
15:04 Feudal Age
14:10 Horse Collar
14:18 Double-Bit Axe
19:02 Heavy Plow
19:15 Bow Saw
23:04 Stone Mining
23:05 Gold Mining
28:27 Castle Age
26:30 Scale Mail Armor
30:31 Two-Man Saw
30:05 Crop Rotation
31:00 Stone Shaft Mining
31:02 Gold Shaft Mining
31:37 Town Watch
31:14 Cavalier
31:55 Husbandry
31:16 Light Cavalry
31:18 Elite Skirmisher
31:46 Arson
34:30 Chain Mail Armor
34:16 Padded Archer Armor
34:06 Fletching
34:27 Forging
34:24 Scale Barding Armor
34:38 Hand Cart
36:54 Fishing Lines
38:09 Town Patrol
38:02 Gillnets
38:37 Fortified Wall
38:47 Ballistics
38:08 Treadmill Crane
38:23 Murder Holes
38:39 Masonry
37:52 Pikeman
38:33 Squires
39:33 Burgundian Vineyards
40:16 Iron Casting
39:37 Bodkin Arrow
39:57 Leather Archer Armor
43:37 Imperial Age
41:26 Crossbowman
42:29 Chain Barding Armor
42:25 Leather Archer Armor
42:25 Guilds
42:45 Coinage
42:16 Caravan
43:46 Halberdier
46:37 Hussar
52:03 Plate Mail Armor
Said664TJ
5:26 Loom
11:20 Feudal Age
13:12 Double-Bit Axe
17:48 Castle Age
18:57 Bow Saw
18:29 Horse Collar
18:52 Gold Mining
18:53 Stone Mining
19:17 Scale Mail Armor
19:53 Heavy Plow
26:07 Chain Mail Armor
26:50 Ballistics
27:30 Stone Shaft Mining
29:02 Padded Archer Armor
28:53 Fletching
30:17 Wheelbarrow
29:32 Town Watch
29:54 Scale Barding Armor
29:22 Pikeman
30:08 Squires
30:08 Fletching
31:37 Hand Cart
31:50 Leather Archer Armor
31:58 Town Patrol
31:50 Elite Skirmisher
36:20 Imperial Age
34:14 Inquisition
35:03 Forging
35:14 Chain Barding Armor
34:57 Caravan
34:27 Light Cavalry
35:07 Husbandry
35:19 Bloodlines
38:46 Two-Man Saw
38:51 Chemistry
38:28 Plate Barding Armor
38:29 Iron Casting
38:25 Plate Mail Armor
37:42 Hussar
40:01 Bodkin Arrow
40:36 Ring Archer Armor
40:28 Heavy Mounted Crossbowman
43:43 Blast Furnace
42:44 Bracer
43:32 Supremacy
47:42 Cavalier
Mysterious Case
1:25 Loom
14:02 Feudal Age
14:29 Double-Bit Axe
19:17 Castle Age
18:43 Fletching
18:53 Padded Archer Armor
19:29 Gold Mining
19:43 Crossbowman
26:30 Horse Collar
27:52 Bodkin Arrow
30:22 Wheelbarrow
29:36 Fishing Lines
30:39 Caravan
33:02 Bow Saw
36:08 Imperial Age
33:39 Stone Mining
33:44 Gillnets
35:07 Hand Cart
36:26 Scale Mail Armor
36:43 Leather Archer Armor
36:39 Forging
36:15 Onager
36:31 Arbalester
37:03 Eagle Warrior
37:44 Squires
37:30 Arson
38:05 Murder Holes
38:01 Elite Eagle Warrior
38:58 Chain Mail Armor
39:24 Conscription
40:17 Iron Casting
40:32 Plate Mail Armor
39:49 Siege Onager
40:45 Capped Ram
42:18 Siege Engineers
41:53 Treadmill Crane
42:10 Siege Ram
42:35 Pikeman
42:49 Elite Skirmisher
43:36 Bracer
44:37 Blast Furnace
45:16 Garland Wars
48:32 Elite Jaguar Warrior
Connection lost

Rejoining the realm…

Still unreachable

The connection could not be restored.

Session expired

The server has moved on; the page needs a fresh start.